 Dungeon Crawl Stone Soup version 0.27.1-16-g815e20cd7a (webtiles) character file.

Game seed: 6280030952572988904

80 zeram the Vandal (level 4, -2/22 HPs)
             Began as a Spriggan Hunter on Nov 22, 2021.
             Slain by an orc (3 damage)
             ... on level 2 of the Dungeon.
             The game lasted 00:02:58 (2066 turns).

zeram the Vandal (Spriggan Hunter)                  Turns: 2066, Time: 00:02:59

Health: -2/22      AC:  2    Str:  8    XL:     4   Next: 18%
Magic:  5/5        EV: 17    Int: 13    God:
Gold:   112        SH:  0    Dex: 15    Spells: 3/3 levels left

rFire    . . .     SeeInvis +   a - +1 hunting sling
rCold    . . .     Faith    .   (shield restricted)
rNeg     . . .     Spirit   .   c - +0 robe
rPois    +         Reflect  .   (helmet restricted)
rElec    .         Harm     .   (no cloak)
rCorr    .         Rampage  .   (gloves unavailable)
Will     .....                  (boots unavailable)
Stlth    ++........             (no amulet)
HPRegen  0.07/turn              e - ring of poison resistance
MPRegen  0.09/turn              (no ring)

@: very quick
A: very small, no large weapons, unfitting armour, see invisible, speed 3
a: no special abilities


You were on level 2 of the Dungeon.
You visited 1 branch of the dungeon, and saw 3 of its levels.

You collected 112 gold pieces.

Inventory:

Hand Weapons
 a - a +1 hunting sling (weapon)
 b - a +0 short sword
Missiles
 d - 13 sling bullets
 g - 39 stones (quivered ammo)
Armour
 c - a +0 robe (worn)
Jewellery
 e - a ring of poison resistance (left hand)


   Skills:
 - Level 1.5 Fighting
 + Level 6.8 Slings
 + Level 2.9 Dodging
 + Level 1.7 Stealth


You had 3 spell levels left.
You didn't know any spells.
Your spell library contained the following spells:

 Spells                   Type           Power      Damage    Failure   Level
 Gell's Gravitas          Tloc           0%         N/A       67%         3
 Teleport Other           Tloc           0%         N/A       67%         3
 Dispersal                Tloc           0%         N/A       100%        6


Dungeon Overview and Level Annotations

Branches:
Dungeon (3/15)

Altars:


Innate Abilities, Weirdness & Mutations

You are very small and have problems with some larger weapons.
You are too small for most types of armour.
You have supernaturally acute eyesight. (SInv)
You cover ground extremely quickly. (Speed+++)


Message History

Unknown command.
Fire: 43 stones
Press: ? - help, Q - select action, (/) - cycle Shift-Dir - straight line, f - rat
Aim: a rat (63% to hit)
You shoot a stone. The stone closely misses the rat.
The orc completely misses you. x2; The rat closely misses you.
The orc hits you with a +0 short sword.
Fire: 42 stones
Press: ? - help, Q - select action, (/) - cycle Shift-Dir - straight line, f/p - rat
Aim: a rat (63% to hit)
You shoot a stone. The stone barely misses the rat.
The orc closely misses you. The orc hits you with a +0 short sword.
* * * LOW HITPOINT WARNING * * *
The orc closely misses you. The rat misses you. The orc completely misses you.
You aren't carrying any scrolls.
It was a potion of magic.
Magic courses through your body.
The orc closely misses you. x2; The orc completely misses you.
The rat completely misses you. The orc hits you with a +0 short sword.
* * * LOW HITPOINT WARNING * * *
It was a potion of curing.
You feel better. The orc misses you. x3
The rat misses you. The orc barely misses you.
Fire: 41 stones
Press: ? - help, Q - select action, (/) - cycle Shift-Dir - straight line, f/p - rat
Aim: a rat (63% to hit)
You shoot a stone.
The stone hits the rat but does no damage.
The orc hits you with a +0 club.
* * * LOW HITPOINT WARNING * * *
The orc hits you with a +0 short sword.
* * * LOW HITPOINT WARNING * * *
The orc barely misses you. The rat bites you but does no damage.
You aren't carrying any scrolls.
Fire: 40 stones
Press: ? - help, Q - select action, (/) - cycle Shift-Dir - straight line, f/p - rat
Aim: a rat (63% to hit)
You shoot a stone. The stone barely misses the rat.
The orc hits you with a +0 short sword.
* * * LOW HITPOINT WARNING * * *
The orc barely misses you. The orc hits you with a +0 short sword.
You die...

####...####.# #.######..≈≈.(
####...####.# ##.## ##......
##.......##.# #...# #.......
...#...#.##.# #...#####.####.
.......#.##.# #.........##.))
..†.#.......# #####....####.##.#.
....##...##.###...........#..)...
...............ooo...........#.##
.....##....##.#r@o........#.#..##
.>...##....##.#####....####.#....
.....##.##.##.# ##.#.......##.##
#####.#.#.###.# #.###.#######.##
##........# ##.#.## #.##
##.####### ###...#### #.#
#.###...###.....)..# #.##
#######.##.....##.#....#.# #...
#.......#.......#.####.#.########


You could see 4 orcs and a rat.

Vanquished Creatures
  Robin (D:2)
  2 adders (D:2)
  2 worms (D:2)
  An orc (D:3)
  5 endoplasms
  A giant cockroach (D:2)
  10 goblins (D:2)
  4 hobgoblins (D:2)
  2 quokkas
  3 ball pythons (D:1)
  6 bats
  2 kobolds (D:2)
  3 rats
42 creatures vanquished.

Notes
Turn   | Place    | Note
-------+----------+-------------------------------------------
     0 | D:1      | zeram the Spriggan Hunter began the quest for the Orb.
     0 | D:1      | Reached XP level 1. HP: 10/10 MP: 2/2
    55 | D:1      | Found a faded altar of an unknown god.
    66 | D:1      | Reached skill level 5 in Slings
   451 | D:1      | Reached XP level 2. HP: 14/14 MP: 3/3
   766 | D:2      | Reached skill level 6 in Slings
   766 | D:2      | Reached XP level 3. HP: 10/18 MP: 4/4
  1132 | D:2      | Noticed Robin
  1167 | D:2      | Killed Robin
  1607 | D:2      | Reached XP level 4. HP: 14/22 MP: 5/5
  2066 | D:2      | HP: 1/22 [orc (2)]
  2066 | D:2      | Slain by an orc

Illustrated notes

Levels and vault maps discovered:
D:1:      psy_arrival_spokes, layout_basic, ebering_ecumenical_altar_webs
D:2:      cheibrodos_helix_gallery, layout_loops_cross, uniq_robin
D:3:      layout_rooms, kennysheep_generic_room_12

Skill      XL: |  1  2 |
---------------+-------+-----
Slings         | 5 6 |  6.8
Fighting       | |  1.5
Dodging        | |  2.9
Stealth        | |  1.7

Action                   |  1- 3 |  4- 6 || total
-------------------------+-------+-------++-------
 Fire: Hunting sling     |   110 |    20 ||   130
  Use: Scroll            |     1 |       ||     1
       Potion            |       |     2 ||     2
Armor: Robe              |     5 |     1 ||     6
Dodge: Dodged            |    22 |    28 ||    50
